cohdb
Replays
Latest Replays
All Replays
Popular Replays
Top Player Replays
Match Explorer
How It Works
Community
CoH3 Stats
Reddit
Sign in to upload your games and track your stats! →
Sign in with Steam
Match 42063289
Unlisted
Match 42063289
Overview
Messages
Build Orders
End
Construct Infanterie Kompanie
Selects Luftwaffe Battlegroup
Selects Luftwaffe Pioneer Support
Fallschirmpioneer Squad Paradrop
MG 42 Machine Gun Team
Grenadier Squad
Construct Panzergrenadier Kompanie
Selects Flak 38 Anti-Air Emplacement
Panzergrenadier Squad
251 Medium Carrier
Selects Reconnaissance Run
Medical Station
Medical Bunker
Support Elements
Forward Retreat Point
Reconnaissance Run
StuG III G Assault Gun
Selects Fallschirmjäger Squad Paradrop
Selects Fragmentation Bombs
Panzergrenadier Officer Quarters
Construct Luftwaffe Kompanie
Side Skirts
Panzergrenadier Squad
Fragmentation Bombs
StuG III G Assault Gun
Fragmentation Bombs
MG 42 Machine Gun Team
Construct Panzer Kompanie
[MC]zal
Von Batmanouche
maiechen
Ozrealix
DosenBrot
开心的小明
512983213
terry67867
0
0
Comments
sign in to comment!
No comments posted yet!